 Dungeon Sprint DCSS version 0.27.1-33-g824d729ab1 (webtiles) character file.

Game seed: 5672960233683387844

632 manyhoops the Blocker (level 7, -4/60 HPs)
             Began as a Formicid Fighter on Nov 27, 2021.
             Was an Initiate of Qazlal.
             Slain by a centaur warrior (8 damage)
             ... in the Dungeon (Sprint I: "Red Sonja").
             The game lasted 00:02:10 (584 turns).

manyhoops the Blocker (Formicid Fighter)             Turns: 584, Time: 00:02:11

Health: -4/60      AC:  8    Str: 23    XL:     7   Next: 78%
Magic:  7/7        EV: 10    Int:  7    God:    Qazlal [......]
Gold:   415        SH: 12    Dex: 10    Spells: 6/6 levels left

rFire    . . .     SeeInvis +   a - +0 flail
rCold    . . .     Faith    .   c - +0 kite shield
rNeg     . . .     Spirit   .   b - +0 scale mail
rPois    .         Reflect  .   (helmet unavailable)
rElec    .         Harm     .   (no cloak)
rCorr    .         Rampage  .   (no gloves)
Will     .....                  (no boots)
Stlth    ..........             (no amulet)
HPRegen  0.20/turn              (no ring)
MPRegen  0.10/turn              (no ring)

@: mighty, flying
A: permanent stasis, dig shafts and tunnels, antennae 3, four strong arms
a: Dig, Renounce Religion


You were in the Dungeon.
You worshipped Qazlal.
Qazlal was noncommittal.
You visited 1 branch You collected 415 gold pieces.

Inventory:

Hand Weapons
 a - a +0 flail (weapon)
Armour
 b - a +0 scale mail (worn)
 c - a +0 kite shield (worn)
Wands
 h - a wand of polymorph (5)
Scrolls
 j - 2 scrolls of identify {unknown}
 k - 2 scrolls of vulnerability {unknown}
Potions
 g - 2 potions of magic


   Skills:
 + Level 7.5 Fighting
 * Level 9.5 Maces & Flails
 + Level 7.5 Armour
 - Level 11.4 Shields


You had 6 spell levels left.
You didn't know any spells.
Your spell library was empty.

Dungeon Overview and Level Annotations

Branches:
Dungeon (1/1)

Altars:
Cheibriados
Dithmenos
Elyvilon
Fedhas
Gozag
Hepliaklqana
Kikubaaqudgha
Makhleb
Nemelex Xobeh
Okawaru
Qazlal
Ru
Sif Muna
Trog
Uskayaw
Vehumet
Wu Jian
Xom
Yredelemnul
Zin
The Shining One
Jiyva
Lugonu

Shops:
D [


Innate Abilities, Weirdness & Mutations

You cannot be hasted, slowed, berserked, paralysed or teleported.
You can dig through walls and to a lower floor.
You have a pair of large antennae on your head. (SInv)
Your four strong arms can wield two-handed weapons with a shield.


Message History

You closely miss the centaur warrior.
The centaur warrior completely misses you.
The centaur warrior closely misses you. You block the centaur warrior's attack.
The centaur warrior kicks you. The centaur warrior barely misses you.
The centaur warrior closely misses you. The centaur warrior misses you.
The centaur warrior barely misses you.
You barely miss the centaur warrior. The centaur warrior misses you.
The centaur warrior kicks you but does no damage.
The centaur warrior misses you. The centaur warrior kicks you.
* * * LOW HITPOINT WARNING * * *
Unknown command.
Unknown command.
Your scale mail prevents you from hitting the centaur warrior.
The centaur warrior barely misses you.
The centaur warrior kicks you but does no damage.
The centaur warrior hits you.
* * * LOW HITPOINT WARNING * * *
The centaur warrior closely misses you. The centaur warrior barely misses you.
You block the centaur warrior's attack.
Unknown command.
You hit the centaur warrior.
The centaur warrior is lightly wounded.
The centaur warrior hits you!
* * * LOW HITPOINT WARNING * * *
You block the centaur warrior's attack. The centaur warrior hits you.
* * * LOW HITPOINT WARNING * * *
The centaur warrior kicks you but does no damage.
The centaur warrior hits you but does no damage.
The centaur warrior kicks you but does no damage.
Okay, then.
You feel better. You block the centaur warrior's attack.
The centaur warrior kicks you.
* * * LOW HITPOINT WARNING * * *
You block the centaur warrior's attack. The centaur warrior kicks you.
* * * LOW HITPOINT WARNING * * *
It was a potion of flight.
You feel very buoyant.
You fly up into the air.
You block the centaur warrior's attack. x2
The centaur warrior hits you!
You die...

#####################
<.#..)..#.)'..#__#..+
{
..)..#..'..#..'^.'..#
{
..#####'#####'#__####{
{
..####..#...#.####§§#
{
..#__####..##§#§§§§§#
..#_____##'#§§'§§§§.+
{
⌠⌠#_.∩...'..._#c§§§.#
###_..__##_.#'##@###
#_____###+#(#!c..# {
####### ####+### { { {
{ { {{ { { {


You could see 2 centaur warriors.

Vanquished Creatures
  A slime creature (D)
  Sigmund (D)
  A yak (D)
  An ogre (D)
  A jelly (D)
  Ijyb (D)
6 creatures vanquished.

Notes
Turn   | Place    | Note
-------+----------+-------------------------------------------
     0 | D        | manyhoops the Formicid Fighter began the quest for the Orb.
     0 | D        | Reached XP level 1. HP: 18/18 MP: 1/1
     1 | D        | Noticed Ijyb
    10 | D        | Killed Ijyb
    11 | D        | Reached XP level 2. HP: 19/24 MP: 2/2
    11 | D        | Reached XP level 3. HP: 23/29 MP: 3/3
   160 | D        | Noticed an ogre
   164 | D        | Killed an ogre
   165 | D        | Reached XP level 4. HP: 35/35 MP: 4/4
   165 | D        | Reached XP level 5. HP: 41/41 MP: 5/5
   179 | D        | Noticed Sigmund
   185 | D        | Killed Sigmund
   186 | D        | Reached XP level 6. HP: 44/55 MP: 6/6
   198 | D        | Found an ornate altar of the Wu Jian Council.
   198 | D        | Found a shimmering blue altar of Sif Muna.
   200 | D        | Found a radiant altar of Vehumet.
   363 | D        | Found Webul's Armour Emporium.
   363 | D        | Found an ancient bone altar of Kikubaaqudgha.
   363 | D        | Found a hazy altar of Hepliaklqana.
   363 | D        | Found a stormy altar of Qazlal.
   363 | D        | Found a hide-covered altar of Uskayaw.
   363 | D        | Found a blossoming altar of Fedhas.
   363 | D        | Found a bloodstained altar of Trog.
   363 | D        | Found an iron altar of Okawaru.
   363 | D        | Found a basalt altar of Yredelemnul.
   363 | D        | Found a glowing golden altar of the Shining One.
   363 | D        | Found a snail-covered altar of Cheibriados.
   363 | D        | Found a sacrificial altar of Ru.
   363 | D        | Found a glowing silver altar of Zin.
   363 | D        | Found a shadowy altar of Dithmenos.
   363 | D        | Found a white marble altar of Elyvilon.
   363 | D        | Noticed a yak
   368 | D        | Killed a yak
   369 | D        | Reached skill level 8 in Shields
   369 | D        | Reached XP level 7. HP: 60/60 MP: 7/7
   369 | D        | Found an opulent altar of Gozag.
   370 | D        | Found a sparkling altar of Nemelex Xobeh.
   378 | D        | Became a worshipper of Qazlal Stormbringer
   389 | D        | Found a burning altar of Makhleb.
   389 | D        | Found a viscous altar of Jiyva.
   389 | D        | Found a shimmering altar of Xom.
   389 | D        | Found a corrupted altar of Lugonu.
   389 | D        | Noticed a slime creature
   398 | D        | Killed a slime creature
   399 | D        | Reached skill level 11 in Shields
   560 | D        | Noticed a centaur warrior
   562 | D        | Noticed a centaur warrior
   582 | D        | HP: 1/60 [centaur warrior (3)]
   584 | D        | Slain by a centaur warrior

Illustrated notes

Levels and vault maps discovered:
D:        dungeon_sprint_1 [red_sonja_temple_1, red_sonja_temple_small_1]

Skill      XL: |  1  2  3  4  5  6  7 |
---------------+----------------------+-----
Maces & Flails | 6 9 |  9.5
Fighting       | 7 |  7.5
Armour         | 7 |  7.5
Shields        | 8 11 | 11.4

Action                   |  1- 3 |  4- 6 |  7- 9 || total
-------------------------+-------+-------+-------++-------
Melee: Flail             |    11 |    14 |    13 ||    38
  Use: Potion            |       |       |     4 ||     4
Armor: Scale mail        |     1 |     1 |    13 ||    15
Dodge: Dodged            |     2 |     2 |    16 ||    20
Block: Kite shield       |     3 |     5 |    15 ||    23
